AoeStats
← Rashad

Arabia

510300176Analyzed
1v1 RM · 1d ago on Sep 30, 2026· 28m 27s· 2 players
Game mode
Random Map
Map size
Tiny (2 player)
Population
200
Speed
Normal
Resources
Standard
Victory
Conquest
Starting age
Dark Age
Ending age
Imperial Age
RankedLock teamsTeams togetherTeam positionsShared explorationLock speedFull tech treeHidden civsTurbo modeCheats
Victory
Defeat
🇬🇧 Burgundians · United Kingdom
593
+16
🇳🇱 Tatars · Netherlands
598
-16
SuperTed
5:47 Double-Bit Axe
10:05 Loom
11:51 Feudal Age
11:39 Horse Collar
18:20 Castle Age
17:03 Fletching
18:24 Cavalier
25:33 Wheelbarrow
25:12 Bow Saw
25:17 Heavy Plow
27:32 Hand Cart
28:14 Stone Mining
Rashad
8:43 Loom
11:47 Feudal Age
12:41 Double-Bit Axe
13:38 Horse Collar
14:49 Bloodlines
16:27 Wheelbarrow
23:18 Castle Age
22:23 Stone Mining
23:08 Town Watch
23:57 Forging
23:47 Pikeman
25:09 Fletching
Connection lost

Rejoining the realm…

Still unreachable

The connection could not be restored.

Session expired

The server has moved on; the page needs a fresh start.